 Dungeon Crawl Stone Soup version 0.30.1-4-g462c640d31 (webtiles) character file.

Game seed: 10909180023949407492

47 safid the Chiller (level 3, -4/26 HPs)
             Began as a Merfolk Ice Elementalist on Sept 18, 2023.
             Slain by a gnoll
             ... wielding a +0 halberd
              (9 damage)
             ... on level 2 of the Dungeon.
             The game lasted 00:02:25 (1347 turns).

safid the Chiller (Merfolk Ice Elementalist)        Turns: 1347, Time: 00:02:27

Health: -4/26      AC:  2    Str:  8    XL:     3   Next: 70%
Magic:  0/6        EV: 13    Int: 16    God:
Gold:   187        SH:  0    Dex: 14    Spells: 0/7 levels left

rFire   . . .        i - +0 long sword
rCold   . . .        (no shield)
rNeg    . . .        a - +0 robe
rPois   .            (no helmet)
rElec   .            (no cloak)
rCorr   .            (no gloves)
SInv    .            (no boots)
Will    .....        (no amulet)
Stlth   ++           (no ring)
HPRegen 0.24/turn    (no ring)
MPRegen 0.10/turn

%: no passive effects
@: freezing walls
A: (nimble swimmer 2), mertail
a: no special abilities


You were on level 2 of the Dungeon.
You visited 1 branch of the dungeon, and saw 2 of its levels.

You collected 187 gold pieces.

Inventory:

Hand Weapons
 i - a +0 long sword (weapon)
Armour
 a - a +0 robe (worn)
Wands
 m - a wand of acid (12)
Scrolls
 c - a scroll of vulnerability {unknown}
 g - 3 scrolls of teleportation {unknown}
 j - a scroll of identify {unknown}
 n - a scroll of fear {unknown}
Potions
 b - a potion of magic
 d - 2 potions of haste {unknown}
 e - 2 potions of mutation {unknown}
 f - a potion of curing {unknown}
 h - a potion of cancellation {unknown}
 k - a potion of heal wounds {unknown}
 l - a potion of berserk rage {unknown}


   Skills:
 + Level 1.4 Fighting
 - Level 3.0 Dodging
 - Level 2.4 Stealth
 + Level 2.5 Spellcasting
 + Level 4.8 Ice Magic


You couldn't memorise any spells.
You knew the following spells:

 Your Spells              Type           Power      Damage    Failure   Level
a - Freeze                Ice            68%        1d8       2%          1
b - Frozen Ramparts       Ice            34%        1d6       8%          3
c - Ozocubu's Armour      Ice            17%        N/A       8%          3

Your spell library contained the following spells:

 Spells                   Type           Power      Damage    Failure   Level
 Summon Ice Beast         Ice/Summ       9%         N/A       56%         4


Dungeon Overview and Level Annotations

Branches:
Dungeon (2/15)

Altars:


Innate Abilities, Weirdness & Mutations

((You are very nimble when in or above water. (Stealth+, EV+, Speed+++)))
Your lower body shifts to a powerful aquatic tail in water.


Message History

The wall freezes the ball python.
You kill the ball python!
The wall freezes the gnoll.
The gnoll closely misses you.
Unknown command.
The wall freezes the gnoll.
The gnoll barely misses you.
The wall freezes the gnoll.
The gnoll hits you from afar with a +0 halberd!
Ouch! That really hurt!
The wall freezes the gnoll but does no damage.
The gnoll misses you.
The wall freezes the gnoll.
You hit the gnoll but do no damage.
The gnoll is moderately wounded.
The wall freezes the gnoll.
The gnoll misses you.
The wall freezes the gnoll but does no damage.
The gnoll hits you but does no damage.
You barely miss the gnoll.
The gnoll is heavily wounded.
The frozen ramparts melt away.
The gnoll misses you. The gnoll completely misses you.
The gnoll hits you with a +0 flail.
* * * LOW HITPOINT WARNING * * *
The gnoll barely misses you.
Casting: Frozen Ramparts (quite dangerous; 8% risk of failure)
Confirm with . or Enter, or press ? or * to list all spells.
The spell is quite dangerous to miscast (8% risk of failure)!
Continue anyway? [Y]es or [N]o only, please.
The spell is quite dangerous to miscast (8% risk of failure)!
Continue anyway?
Okay, then.
Casting: Frozen Ramparts (quite dangerous; 8% risk of failure)
Confirm with . or Enter, or press ? or * to list all spells.
The spell is quite dangerous to miscast (8% risk of failure)!
Continue anyway? [Y]es or [N]o only, please.
The spell is quite dangerous to miscast (8% risk of failure)!
Continue anyway?
Casting: Frozen Ramparts (quite dangerous; 8% risk of failure)
Press: ? - help, Dir - look around, f - activate The walls around you are covered in ice.
The wall freezes the gnoll.
The gnoll hits you with a +0 flail.
* * * LOW HITPOINT WARNING * * *
The wall freezes the gnoll.
The gnoll hits you from afar with a +0 halberd!
You die...

......... ................
.....### #...#.......g...
...#.## #..##...........
......#####..#............
...#.........)............
...#..#..#..####..........
........###....##.........
.........#####..##g..>.##.
..........# #.@gg...##
..........# #######..#
.^........# #.#
..........# ...
..........# ...
#........## .. ..........#
..........# ..........#


You could see 3 gnolls.

Vanquished Creatures
  An adder (D:2)
  A dart slug (D:1)
  9 ball pythons
  4 bats (D:1)
  5 endoplasms
  A giant cockroach (D:1)
  2 goblins (D:1)
  A hobgoblin (D:1)
  2 quokkas (D:1)
  A frilled lizard (D:1)
  3 kobolds
  2 rats (D:1)
32 creatures vanquished.

Notes
Turn   | Place    | Note
-------+----------+-------------------------------------------
     0 | D:1      | safid the Merfolk Ice Elementalist began the quest for the
                  | Orb.
     0 | D:1      | Reached XP level 1. HP: 13/13 MP: 3/3
   220 | D:1      | Reached XP level 2. HP: 19/19 MP: 3/5
   734 | D:1      | Reached XP level 3. HP: 25/25 MP: 6/6
   738 | D:1      | Learned a level 3 spell: Frozen Ramparts
   754 | D:1      | Reached skill level 1 in Fighting
  1138 | D:2      | Learned a level 3 spell: Ozocubu's Armour
  1347 | D:2      | Slain by a gnoll

Illustrated notes

Levels and vault maps discovered:
D:1:      onia_arrival_mini_maze_b, layout_basic, minmay_octomino_j4
D:2:      minmay_angry_zag, layout_rooms, hellmonk_ecumenical_altar_run_dry

Skill      XL: |  1  2  3 |
---------------+----------+-----
Dodging        | 3 |  3.0
Fighting       | 1 |  1.4
Stealth        | |  2.4
Spellcasting   | |  2.5
Ice Magic      | |  4.8

Action                     || total
---------------------------++-------
  Melee: Unarmed           ||    10
         Long sword        ||    46
         Mace              ||     2
   Cast: Freeze            ||    24
         Frozen Ramparts   ||     2
   Stab: Sleeping          ||     3
 Armour: Robe              ||    16
  Dodge: Dodged            ||    61
